 Dungeon Crawl Stone Soup version 0.22.1-2-g9c5b331 (webtiles) character file.

13100 whitewolfNL the Basher (level 11, -10/101 HPs)
             Began as a Minotaur Berserker on Dec 26, 2018.
             Was a High Priest of Trog.
             Shot with an arrow by Nessos (13 damage)
             ... on level 12 of the Dungeon on Jan 2, 2019.
             The game lasted 00:53:07 (10434 turns).

whitewolfNL the Basher (Minotaur Berserker)        Turns: 10434, Time: 00:53:10

Health: -10/101    AC: 17    Str: 29    XL:     11   Next: 71%
Magic:  4/4        EV: 16    Int:  1    God:    Trog [*****.]
Gold:   704        SH:  0    Dex: 12    Spells: 10/10 levels left

rFire    + . .     SeeInvis .   W - +4 dire flail (antimagic)
rCold    + . .     Gourm    .   (shield currently unavailable)
rNeg     . . .     Faith    .   P - +1 plate armour {rF+}
rPois    +         Spirit   .   (helmet restricted)
rElec    .         Reflect  .   (no cloak)
rCorr    .         Harm     .   Q - +0 pair of gloves
MR       +....                  N - +0 pair of boots (curse)
Stlth    ..........             r - amulet of rage
HPRegen  0.26/turn              F - ring "Ickez" {rPois MR+ Dex+2}
MPRegen  0.09/turn              D - ring of Harmony {rC+ EV+5 Str+5 Int-4}

@: about to teleport, berserk cooldown, slowed, very slow
A: retaliatory headbutt, horns 2
a: Berserk, Trog's Hand, Brothers in Arms, Renounce Religion, Evoke Berserk Rage


You were on level 12 of the Dungeon.
You worshipped Trog.
Trog was extremely pleased with you.
You were hungry.

You visited 1 branch of the dungeon, and saw 12 of its levels.

You collected 704 gold pieces.

Inventory:

Hand Weapons
 x - a +1 trident of flaming
 J - the +8 short sword "Vuegrahet" {pierce, rN+}
   (You found it on level 9 of the Dungeon)

   It inflicts extra damage upon your enemies.
   It protects you from negative energy.
 W - a +4 antimagic dire flail (weapon)
Missiles
 a - 207 arrows
 f - 15 bolts
 i - 46 sling bullets
 U - 8 poisoned tomahawks (quivered)
Armour
 N - a cursed +0 pair of boots (worn)
 P - a +1 plate armour of fire resistance (worn)
 Q - a +0 pair of gloves (worn)
 Y - a +2 shield of reflection
Jewellery
 g - an uncursed ring of positive energy
 r - an amulet of rage (around neck)
 D - the ring of Harmony (right hand) {rC+ EV+5 Str+5 Int-4}
   (You found it on level 6 of the Dungeon)

   [ring of evasion]

   It affects your evasion (+5).
   It affects your strength (+5).
   It affects your intelligence (-4).
   It protects you from cold.
 F - the ring "Ickez" (left hand) {rPois MR+ Dex+2}
   (You found it on level 7 of the Dungeon)

   [ring of protection from magic]

   It affects your dexterity (+2).
   It protects you from poison.
   It affects your resistance to hostile enchantments.
Wands
 m - a wand of acid (8)
 n - a wand of scattershot (5)
 L - a wand of flame (43)
 S - a wand of iceblast (7)
Scrolls
 d - 7 scrolls of teleportation
 k - 3 scrolls of remove curse
 q - a scroll of enchant armour {unknown}
 s - 3 scrolls of enchant weapon
 t - 2 scrolls of noise {unknown}
 u - 2 scrolls of immolation {unknown}
 y - a scroll of random uselessness {unknown}
 E - a scroll of brand weapon {unknown}
 G - 3 scrolls of holy word {unknown}
 H - a scroll of torment {unknown}
 K - 3 scrolls of magic mapping {unknown}
 O - a scroll of fog {unknown}
 R - 2 scrolls of silence {unknown}
Potions
 b - a potion of resistance {unknown}
 e - 5 potions of curing
 h - 2 potions of might {unknown}
 j - 3 potions of lignification {unknown}
 l - a potion of degeneration {unknown}
 p - 2 potions of flight {unknown}
 v - 2 potions of cancellation {unknown}
 w - 4 potions of heal wounds {unknown}
 z - 4 potions of haste
 A - 4 potions of brilliance {unknown}
 B - a potion of berserk rage {unknown}
 C - 2 potions of agility {unknown}
 M - a potion of mutation {unknown}
 T - a potion of invisibility {unknown}
Miscellaneous
 I - a phantom mirror
Comestibles
 c - 14 rations
 o - 2 chunks of flesh


   Skills:
 * Level 10.6 Fighting
 * Level 14.5 Maces & Flails
 + Level 8.8 Armour
 * Level 6.7 Dodging
 - Level 0.2 Stealth
 * Level 3.6 Shields
 * Level 5.9 Evocations


You had 10 spell levels left.
You didn't know any spells.
Your spell library was empty.

Dungeon Overview and Level Annotations

Branches:
Dungeon (12/15)            Temple (0/1) D:6            Lair (0/6) D:10
    Orc (0/2) D:12

Altars:
Ashenzari
Dithmenos
Fedhas
Gozag
Hepliaklqana
Okawaru
Qazlal
Vehumet
Xom
Zin
Beogh

Annotations:
D:12 Nessos


Innate Abilities, Weirdness & Mutations

You reflexively headbutt those who attack you in melee.
You have a pair of horns on your head.


Message History

* * * LOW HITPOINT WARNING * * *
Nessos shoots an arrow.
The arrow barely misses you.
Nessos blinks!
As you read the scroll of teleportation, it crumbles to dust.
You feel strangely unstable.
Nessos unwields an uncursed longbow of flaming.
It stops flaming.
Nessos hits you.
* * * LOW HITPOINT WARNING * * *
Nessos closely misses you.
Nessos blinks!
Nessos wields an uncursed longbow of flaming.
It bursts into flame!
Nessos shoots an arrow.
The arrow hits you.
* * * LOW HITPOINT WARNING * * *
You see here 2 arrows.
Nessos shoots an arrow.
The arrow hits you!
* * * LOW HITPOINT WARNING * * *
The arrow burns you.
* * * LOW HITPOINT WARNING * * *
Nessos shoots an arrow.
The arrow misses you.
Nessos shoots an arrow.
The arrow hits you!
You die...

.........#
########.# #.#
########.#
.........#
#######..# #..#
..##########c.#
....(.ยง@((((..#
.....(........#
.############.#
.# .# .# ##


You could see Nessos.

Vanquished Creatures
  Snorg (D:10)
  Harold (D:7)
  A two-headed ogre (D:11)
  An unseen horror (D:11)
  A merfolk (D:10)
  3 trolls
  3 hornets
  2 hippogriffs
  A slime creature (D:12)
  2 shadows (D:11)
  A spriggan (D:10)
  2 wyverns
  A human (D:10)
  A wraith (D:11)
  3 hungry ghosts
  2 vampire mosquitoes (D:12)
  Duvessa (D:6)
  8 orc warriors
  3 ice beasts
  6 ogres
  A sky beast (D:11)
  A black bear (D:12)
  4 phantoms
  An eye of draining (D:8)
  A necrophage (D:7)
  2 centaurs
  A crocodile (D:10)
  A big kobold (D:11)
  10 bullfrogs
  Dowan (D:6)
  A water moccasin zombie (D:8)
  2 wyvern skeletons
  6 scorpions
  10 killer bees
  3 troll zombies (D:12)
  4 wights (D:11)
  5 howler monkeys
  A centaur zombie (D:12)
  5 crimson imps
  2 bullfrog zombies
  3 jellies
  9 orc priests
  Crazy Yiuf (D:6)
  4 centaur skeletons
  2 iguanas
  3 hounds
  11 orc wizards
  6 worker ants
  2 killer bee zombies
  5 ogre zombies (D:12)
  2 hound skeletons
  A worker ant zombie (D:6)
  A howler monkey skeleton (D:7)
  14 adders
  4 shadow imps
  2 oozes
  An adder zombie (D:6)
  3 adder skeletons
  A worm (D:4)
  5 leopard geckos
  59 orcs
  A ball python (D:2)
  2 giant cockroaches
  4 goblins
  4 hobgoblins (D:1)
  10 jackals
  5 quokkas
  3 bats
  A frilled lizard (D:2)
  2 goblin skeletons (D:12)
  3 goblin zombies (D:12)
  2 hobgoblin skeletons (D:12)
  2 hobgoblin zombies (D:12)
  2 jackal skeletons
  10 kobolds
  A leopard gecko zombie (D:5)
  4 orc skeletons (D:12)
  12 orc zombies (D:12)
  A quokka skeleton (D:7)
  2 rats (D:1)
  A bush (D:2)
317 creatures vanquished.

Vanquished Creatures (others)
  An ogre (D:6)
  An adder (D:10)
2 creatures vanquished.

Grand Total: 319 creatures vanquished

Notes
Turn   | Place    | Note
-------+----------+-------------------------------------------
     0 | D:1      | whitewolfNL the Minotaur Berserker began the quest for the
                  | Orb.
     0 | D:1      | Reached XP level 1. HP: 19/19 MP: 0/0
   260 | D:1      | Reached skill level 4 in Maces & Flails
   296 | D:1      | Reached XP level 2. HP: 24/27 MP: 1/1
  1359 | D:2      | Reached XP level 3. HP: 33/33 MP: 2/2
  1422 | D:2      | Reached XP level 4. HP: 41/41 MP: 3/3
  1466 | D:2      | Reached skill level 5 in Maces & Flails
  2144 | D:3      | Reached ** piety under Trog
  2180 | D:3      | Reached XP level 5. HP: 33/47 MP: 4/4
  2423 | D:3      | Reached skill level 5 in Fighting
  2423 | D:3      | Reached skill level 6 in Maces & Flails
  2571 | D:3      | Found a glowing silver altar of Zin.
  2679 | D:3      | Reached XP level 6. HP: 56/56 MP: 5/5
  2853 | D:4      | Found a shattered altar of Ashenzari.
  2878 | D:4      | Reached skill level 1 in Evocations
  2998 | D:4      | Found a hazy altar of Hepliaklqana.
  3076 | D:4      | Reached skill level 7 in Maces & Flails
  3290 | D:5      | Entered Level 5 of the Dungeon
  3300 | D:5      | Reached XP level 7. HP: 57/61 MP: 7/7
  3406 | D:5      | Reached *** piety under Trog
  3728 | D:5      | Reached skill level 8 in Maces & Flails
  3926 | D:6      | Noticed Duvessa
  3942 | D:6      | Killed Duvessa
  3942 | D:6      | Reached skill level 9 in Maces & Flails
  3942 | D:6      | Reached XP level 8. HP: 70/70 MP: 8/8
  3965 | D:6      | Noticed Dowan
  3986 | D:6      | Killed Dowan
  4055 | D:6      | Found a staircase to the Ecumenical Temple.
  4066 | D:6      | Found a shimmering altar of Xom.
  4326 | D:6      | Found a runed door.
  4331 | D:6      | Noticed Crazy Yiuf
  4334 | D:6      | Killed Crazy Yiuf
  4434 | D:6      | Got a warped tin ring
  4438 | D:6      | Identified the ring of Harmony {rC+ EV+5 Str+5 Int-4} (You
                  | found it on level 6 of the Dungeon)
  4704 | D:7      | Reached skill level 5 in Armour
  4729 | D:7      | Reached **** piety under Trog
  4942 | D:7      | Found a transporter.
  4965 | D:7      | Reached skill level 10 in Maces & Flails
  4969 | D:7      | Noticed a hornet
  4972 | D:7      | Paralysed by a hornet for 3 turns
  4976 | D:7      | Noticed a troll
  4979 | D:7      | Killed a hornet
  4987 | D:7      | Killed a troll
  4987 | D:7      | Reached XP level 9. HP: 42/79 MP: 10/10
  5168 | D:7      | Reached skill level 11 in Maces & Flails
  5171 | D:7      | Found a transporter.
  5192 | D:7      | Got a faintly glowing granite ring
  5242 | D:7      | Identified the ring "Ickez" {rPois MR+ Dex+2} (You found it
                  | on level 7 of the Dungeon)
  5285 | D:7      | Noticed Harold
  5301 | D:7      | Killed Harold
  5632 | D:7      | Found an opulent altar of Gozag.
  5744 | D:8      | Received a gift from Trog
  5862 | D:8      | Reached skill level 12 in Maces & Flails
  5922 | D:8      | Reached skill level 5 in Dodging
  6078 | D:8      | Reached XP level 10. HP: 88/88 MP: 12/12
  6252 | D:8      | Found a stormy altar of Qazlal.
  6343 | D:8      | Reached ***** piety under Trog
  6458 | D:8      | Found a blossoming altar of Fedhas.
  6553 | D:9      | Got a brightly glowing short sword
  6554 | D:9      | Identified the +8 short sword "Vuegrahet" {pierce, rN+}
                  | (You found it on level 9 of the Dungeon)
  6578 | D:9      | Found a runed door.
  6674 | D:9      | Found a roughly hewn altar of Beogh.
  7084 | D:9      | Found a radiant altar of Vehumet.
  7481 | D:9      | Found an iron altar of Okawaru.
  7534 | D:10     | Entered Level 10 of the Dungeon
  7592 | D:10     | Reached skill level 13 in Maces & Flails
  7650 | D:10     | Reached skill level 5 in Evocations
  7691 | D:10     | Noticed Snorg
  7705 | D:10     | Killed Snorg
  7780 | D:10     | Received a gift from Trog
  8122 | D:10     | Reached XP level 11. HP: 97/97 MP: 13/13
  8259 | D:10     | Found a staircase to the Lair.
  8326 | D:10     | Found a shadowy altar of Dithmenos.
  8624 | D:11     | Killed an unseen horror
  8624 | D:11     | Reached skill level 1 in Shields
  8854 | D:11     | Reached skill level 14 in Maces & Flails
  8865 | D:11     | Noticed a two-headed ogre
  8875 | D:11     | Killed a two-headed ogre
  8902 | D:11     | Reached skill level 10 in Fighting
  8905 | D:11     | Received a gift from Trog
 10146 | D:12     | Found a staircase to the Orcish Mines.
 10423 | D:12     | Noticed Nessos
 10434 | D:12     | HP: 4/101 [Nessos/arrow (7)]
 10434 | D:12     | Shot with an arrow by Nessos

Skill      XL: |  1  2  3  4  5  6  7  8  9 10 11 |
---------------+----------------------------------+-----
Maces & Flails | 4 5 6 7 9 10 12 13 14 | 14.5
Fighting       | 4 5 7 8 9 10 | 10.6
Armour         | 3 4 5 7 8 |  8.8
Dodging        | 3 4 5 6 |  6.7
Evocations     | 1 2 3 4 5 |  5.9
Shields        | 3 |  3.6
Stealth        | |  0.2

Action                   |  1- 3 |  4- 6 |  7- 9 | 10-12 || total
-------------------------+-------+-------+-------+-------++-------
Melee: Mace              |    12 |       |       |       ||    12
       Whip              |    41 |     6 |       |       ||    47
       Headbutt          |     4 |    26 |    39 |   105 ||   174
       Flail             |       |   129 |   203 |   291 ||   623
       Dire flail        |       |       |       |   134 ||   134
Invok: Berserk           |     1 |     5 |     8 |    17 ||    31
Evoke: Wand              |       |       |       |     1 ||     1
  Use: Scroll            |       |       |     3 |     3 ||     6
       Potion            |       |       |     1 |     1 ||     2
  Eat: Chunk             |     1 |     8 |    13 |    25 ||    47
       Ration            |       |     1 |     1 |     2 ||     4
Armor: Animal skin       |     9 |       |       |       ||     9
       Chain mail        |    15 |    63 |    21 |       ||    99
       Plate armour      |       |       |    79 |   161 ||   240
Dodge: Dodged            |    26 |    52 |   121 |   220 ||   419
Block: Shield            |       |       |       |    54 ||    54
